 Dungeon Crawl Stone Soup version 0.19-a0-1291-gc8f5409 (webtiles) character file.

354 TheGoonsmith the Chiller (level 6, -2/36 HPs)
             Began as a Merfolk Ice Elementalist on Aug 30, 2016.
             Was a Follower of Hepliaklqana.
             Slain by Pikel
             ... wielding a +1 whip of freezing
              (6 damage)
             ... on level 3 of the Dungeon.
             The game lasted 00:06:53 (3348 turns).

TheGoonsmith the Chiller (Merfolk Ice Elementalist) Turns: 3348, Time: 00:06:53

Health: -2/36      AC: 10    Str:  8 (9)  XL:     6   Next: 63%
Magic:  2/11       EV: 13    Int: 15      God:    Hepliaklqana [*.....]
Gold:   170        SH:  0    Dex: 14 (15) Spells: 4 memorised, 1 level left

rFire  . . .     SeeInvis .     y - +0 halberd
rCold  . . .     Gourm    .     a - +0 robe
rNeg   . . .     Faith    .     (shield currently unavailable)
rPois  .         Spirit   .     (no helmet)
rElec  .         Dismiss  .     (no cloak)
rCorr  .         Reflect  .     g - +0 pair of gloves
MR     .....     Harm     .     o - +0 pair of boots
Stlth  ++........               (no amulet)
                                (no ring)
                                (no ring)

@: icy armour, slow
A: change form in water, swift swim, stealthy swim
a: Recall Ancestor, Ancestor Identity, Renounce Religion


You were on level 3 of the Dungeon.
You worshipped Hepliaklqana.
Hepliaklqana was aware of your devotion.
You were hungry.

You visited 1 branch of the dungeon, and saw 4 of its levels.

You collected 170 gold pieces.

Inventory:

Hand Weapons
 e - a +0 club
 y - a +0 halberd (weapon)
Armour
 a - a +0 robe (worn)
 g - a +0 pair of gloves (worn)
 o - a +0 pair of boots (worn)
Jewellery
 i - an uncursed amulet of guardian spirit {unknown}
 m - an uncursed ring of protection from cold {unknown}
 n - a +5 ring of intelligence {unknown}
 p - an uncursed ring of protection from cold {unknown}
 s - an uncursed ring of protection from fire {unknown}
 v - an uncursed ring of protection from magic {unknown}
 x - an uncursed ring of resist corrosion {unknown}
Scrolls
 f - 2 scrolls of remove curse
 j - 3 scrolls of identify
 k - a scroll of teleportation {unknown}
 l - a scroll of fear
 q - a scroll of fog {unknown}
 t - a scroll of magic mapping {unknown}
Potions
 d - a potion of brilliance
 h - 2 potions of degeneration
 w - a potion of resistance
Books
 b - a book of Frost

   Spells                             Type                      Level
   a - Freeze                         Ice                          1
   b - Throw Frost                    Conjuration/Ice              2
   c - Ozocubu's Armour               Charms/Ice                   3
   d - Throw Icicle                   Conjuration/Ice              4
   e - Summon Ice Beast               Ice/Summoning                4
Comestibles
 c - 4 bread rations
 r - 3 fruits


   Skills:
 - Level 2.6 Dodging
 - Level 2.1 Stealth
 + Level 3.3 Spellcasting
 - Level 2.0 Conjurations
 * Level 1.8 Charms
 * Level 6.2 Ice Magic


You had one spell level left.
You knew the following spells:

 Your Spells              Type           Power        Failure   Level  Hunger
a - Freeze                Ice            ###.         1%          1    None
b - Throw Frost           Conj/Ice       ##....       8%          2    ##.....
c - Summon Ice Beast      Ice/Summ       ##......     67%         4    ####...
A - Ozocubu's Armour      Chrm/Ice       ##......     14%         3    ###....


Dungeon Overview and Level Annotations

Branches:
Dungeon (4/15)
 Temple: D:4-7

Altars:
Ashenzari
Cheibriados
Hepliaklqana
Qazlal
Sif Muna
Trog
Uskayaw
Yredelemnul

Annotations:
D:3 1 runed door, Pikel
D:4 PurpleRed's ghost, amateur DECj


Message History

You freeze Pikel.
Pikel is severely wounded.
Pikel hits you but does no damage.
Casting: Freeze
Confirm with . or Enter, or press ? or * to list all spells.
Aiming: Freeze
Press: ? - help, Shift-Dir - straight line, f/p - Pikel
Aim: Pikel, wielding a whip of freezing and wearing a robe (severely wounded)
You freeze Pikel.
Pikel is almost dead.
Pikel hits you but does no damage.
Casting: Freeze
Confirm with . or Enter, or press ? or * to list all spells.
Aiming: Freeze
Press: ? - help, Shift-Dir - straight line, f/p - Pikel
Aim: Pikel, wielding a whip of freezing and wearing a robe (almost dead)
You freeze Pikel.
Pikel is almost dead.
Pikel hits you with a whip of freezing.
You die...

####.....#####.#.########.##.....
...'...........#........#.##.....
'###..............#####.#.##.....
.....###..........# #.#.##.....
.....# #..........# #.#........
.....# ##.######'######.#####....
.....# #..# #............'....
.....# ##.# #.######.#####....
.....# #.## #@#....#.# ###'#
.....# #..# #K#.##.#.# #.# .....#
##.# #.#.#R.#.# #.# .....# #.#
#.#.####.# #.# .....# #.##
#.#......#######'# .....# #..#
#.#####........... .....#
##.###.# #........... .....#
#..##.# #........... .....#
##.##.# #)..........


You could see Pikel.

Vanquished Creatures
  A slave (D:3)
  An ogre (D:3)
  A worker ant (D:3)
  4 gnolls
  12 adders
  3 oozes
  An adder skeleton (D:3)
  3 dart slugs
  4 giant geckos
  6 giant cockroaches
  5 goblins
  9 hobgoblins
  6 jackals
  7 kobolds
  3 bats
  2 giant newts
  A jackal zombie (D:3)
  6 rats
75 creatures vanquished.

Vanquished Creatures (collateral kills)
  A gnoll (D:3)
1 creature vanquished.

Vanquished Creatures (others)
  3 ancestors
3 creatures vanquished.

Grand Total: 79 creatures vanquished

Notes
Turn   | Place    | Note
-------+----------+-------------------------------------------
     0 | D:1      | TheGoonsmith the Merfolk Ice Elementalist began the quest for the Orb.
     0 | D:1      | Reached XP level 1. HP: 13/13 MP: 3/3
   244 | D:1      | Reached XP level 2. HP: 19/19 MP: 1/5
   549 | D:1      | Reached skill level 4 in Ice Magic
   549 | D:1      | Reached XP level 3. HP: 4/24 MP: 0/6
   846 | D:1      | Learned a level 2 spell: Throw Frost
   850 | D:1      | Learned a level 3 spell: Ozocubu's Armour
  1223 | D:2      | Reached XP level 4. HP: 29/30 MP: 5/7
  1336 | D:2      | Reached skill level 1 in Conjurations
  1354 | D:1      | Reached skill level 5 in Ice Magic
  1706 | D:2      | Reached XP level 5. HP: 35/35 MP: 5/9
  2068 | D:3      | Found a hazy altar of Hepliaklqana.
  2069 | D:3      | Found a deep blue altar of Sif Muna.
  2070 | D:3      | Found a bloodstained altar of Trog.
  2070 | D:3      | Found a shattered altar of Ashenzari.
  2070 | D:3      | Found a hide-covered altar of Uskayaw.
  2070 | D:3      | Found a stormy altar of Qazlal.
  2071 | D:3      | Found a snail-covered altar of Cheibriados.
  2117 | D:3      | Became a worshipper of Hepliaklqana
  2487 | D:3      | Found a runed door.
  2487 | D:3      | Noticed a human
  2491 | D:3      | Found a basalt altar of Yredelemnul.
  2642 | D:3      | HP: 1/31 [worker ant (2)]
  2644 | D:3      | Reached XP level 6. HP: 6/36 MP: 1/10
  2812 | D:3      | Reached * piety under Hepliaklqana
  2893 | D:3      | Reached skill level 1 in Charms
  2893 | D:3      | Reached skill level 6 in Ice Magic
  3114 | D:4      | Noticed PurpleRed's ghost (amateur DECj)
  3157 | D:4      | Learned a level 4 spell: Summon Ice Beast
  3159 | D:4      | Noticed a slave
  3160 | D:4      | Noticed Pikel
  3160 | D:4      | Noticed a slave
  3160 | D:4      | Noticed a slave
  3160 | D:4      | Noticed a slave
  3174 | D:3      | Killed a slave
  3326 | D:3      | HP: 1/36 [slave[Pikel] (2)]
  3348 | D:3      | Slain by Pikel

Vault maps used:
D:1:      grunt_arrival_lava_bath
D:2:      hangedman_decor_peaks_small, st_stairs_11
D:3:      grunt_temple_overflow_open, first_bread, dk_yredelemnul_ordeal
D:4:      minmay_checkerbox, uniq_pikel, uniq_menkaure

Skill      XL: |  1  2  3  4  5  6 |
---------------+-------------------+-----
Ice Magic      | 4 5 6 |  6.2
Conjurations   | 1 2 |  2.0
Spellcasting   | 3 |  3.3
Charms         | 1 |  1.8
Dodging        | |  2.6
Stealth        | |  2.1

Action                   |  1- 3 |  4- 6 || total
-------------------------+-------+-------++-------
Melee: Club              |    28 |    23 ||    51
       Halberd           |       |    11 ||    11
 Cast: Freeze            |    50 |    84 ||   134
       Throw Frost       |       |     2 ||     2
       Ozocubu's Armour  |       |     2 ||     2
  Use: Potion            |       |     5 ||     5
       Scroll            |       |     2 ||     2
 Stab: Distracted        |       |     1 ||     1
       Sleeping          |       |     2 ||     2
  Eat: Chunk             |     2 |     6 ||     8
Armor: Robe              |    19 |    22 ||    41
Dodge: Dodged            |    59 |    76 ||   135
